 Dungeon Crawl Stone Soup version 0.29.1-15-g9cfb28693d (webtiles) character file.

Game seed: 10121779105265953195

115 Heoruswealwe the Magician (level 4, -4/24 HPs)
             Began as a Deep Elf Earth Elementalist on Apr 19, 2023.
             Slain by a gnoll
             ... wielding a +0 spear
              (6 damage)
             ... on level 2 of the Dungeon.
             The game lasted 00:11:00 (971 turns).

Heoruswealwe the Magician (DEEE)                     Turns: 971, Time: 00:11:00

Health: -4/24      AC:  3    Str:  5    XL:     4   Next: 68%
Magic:  4/13       EV: 12    Int: 22    God:
Gold:   89         SH:  0    Dex: 15    Spells: 7/13 levels left

rFire   . . .      SeeInvis .   (no weapon)
rCold   . . .      Faith    .   (no shield)
rNeg    . . .      Spirit   .   c - +0 robe
rPois   +          Reflect  .   (no helmet)
rElec   .          Harm     .   (no cloak)
rCorr   .          Rampage  .   (no gloves)
Will    .....                   e - +0 pair of boots
Stlth   ++........              (no amulet)
HPRegen 0.08/turn               k - ring of poison resistance
MPRegen 0.13/turn               (no ring)

@: attractive
A: no striking features
a: no special abilities


You were on level 2 of the Dungeon.
You visited 1 branch of the dungeon, and saw 2 of its levels.

You collected 89 gold pieces.

Inventory:

Armour
 a - a +0 robe
 c - a +0 robe (worn)
 e - a +0 pair of boots (worn)
 h - a +0 robe
Jewellery
 k - a ring of poison resistance (left hand)
Wands
 l - a wand of polymorph (8)
Scrolls
 d - a scroll of brand weapon {unknown}
 g - a scroll of identify {unknown}
Potions
 b - a potion of magic
 i - a potion of curing {unknown}
 j - a potion of degeneration {unknown}
 m - a potion of flight {unknown}


   Skills:
 - Level 2.4 Dodging
 - Level 2.4 Stealth
 + Level 5.2 Spellcasting
 - Level 1.1 Transmutations
 + Level 4.8 Earth Magic


You had 7 spell levels left.
You knew the following spells:

 Your Spells              Type           Power      Damage    Failure   Level
a - Sandblast             Erth           54%        2d13      1%          1
b - Stone Arrow           Conj/Erth      32%        3d9       11%         3
z - Passwall              Tmut/Erth      15%        N/A       4%          2

Your spell library contained the following spells:

 Spells                   Type           Power      Damage    Failure   Level
 Petrify                  Tmut/Erth      18%        N/A       28%         4
 Gell's Gravitas          Tloc           5%         N/A       30%         3
 Teleport Other           Tloc           5%         N/A       30%         3
 Passage of Golubria      Tloc           5%         N/A       69%         4
 Silence                  Hex/Air        2%         N/A       95%         5
 Dispersal                Tloc           2%         N/A       100%        6
 Lehudib's Crystal Spear  Conj/Erth      8%         10d3      100%        8


Dungeon Overview and Level Annotations

Branches:
Dungeon (2/15)

Altars:

Annotations:
D:2 Natasha


Message History

Your Spellcasting skill increases to level 5!
The blast of sand hits the gnoll!
You kill the gnoll!
The gnoll shouts!
You hear a shout!
Natasha, Servant of Life and Death comes into view.
The blast of sand hits the gnoll.
The gnoll is moderately wounded.
The blast of sand hits the gnoll.
The gnoll is almost dead.
The gnoll completely misses you.
Natasha casts a spell.
The blast of sand misses the gnoll.
The blast of sand hits the hobgoblin!
You kill the hobgoblin!
The gnoll hits you with a +0 club.
The crimson imp blinks!
The gnoll hits you from afar with a +0 spear!
The gnoll hits you with a +0 club.
Casting: Sandblast (safe; 1% risk of failure)
Confirm with . or Enter, or press ? or * to list all spells.
Aiming: Sandblast (safe; 1% risk of failure)
Press: ? - help, Shift-Dir - straight line, f/p - gnoll
Aim: a gnoll, wielding a +0 club (almost dead, 85% to hit)
The blast of sand hits the gnoll!
You kill the gnoll!
The gnoll hits you from afar with a +0 spear.
* * * LOW HITPOINT WARNING * * *
Casting: Sandblast (safe; 1% risk of failure)
Confirm with . or Enter, or press ? or * to list all spells.
Aiming: Sandblast (safe; 1% risk of failure)
Press: ? - help, Shift-Dir - straight line, f - gnoll
Aim: a gnoll, wielding a +0 spear (85% to hit)
The blast of sand hits the gnoll!
The gnoll is almost dead.
Natasha mumbles some strange words.
The gnoll hits you from afar with a +0 spear.
* * * LOW HITPOINT WARNING * * *
The gnoll closely misses you.
It was a potion of attraction.
You feel attractive to monsters.
The gnoll hits you from afar with a +0 spear.
You die...

###.#### #.........#
##.....## ##..$.......
........## #.........#
.........# #.........#.
.........####...5.......
.........##.†...h.....♣
.........##.#.##g#...♣♣
.........#....##)#...♣
.............###@# #.♣
.........#...# #.# .♣
##......###..###.## .
######.##[##...#..#
##....#.)....##.###
##..#.##.##.#..#...#
#..####...####..##.#
#.##.........##..#.##
#..####...####...#..#


You could see Natasha, a gnoll and a crimson imp (summoned).

Vanquished Creatures
  Terence (D:2)
  Natasha (D:2)
  2 gnolls (D:2)
  An adder (D:2)
  4 endoplasms (D:1)
  3 giant cockroaches
  4 goblins
  3 hobgoblins
  4 kobolds
  2 ball pythons (D:2)
  7 bats
  2 frilled lizards (D:2)
  3 rats
37 creatures vanquished.

Notes
Turn   | Place    | Note
-------+----------+-------------------------------------------
     0 | D:1      | Heoruswealwe the Deep Elf Earth Elementalist began the
                  | quest for the Orb.
     0 | D:1      | Reached XP level 1. HP: 10/10 MP: 6/6
   263 | D:1      | Reached XP level 2. HP: 15/15 MP: 5/8
   266 | D:1      | Learned a level 2 spell: Passwall
   732 | D:2      | Reached skill level 4 in Spellcasting
   852 | D:2      | Noticed Terence
   859 | D:2      | Killed Terence
   860 | D:2      | Reached XP level 3. HP: 19/19 MP: 5/10
   864 | D:2      | Learned a level 3 spell: Stone Arrow
   879 | D:2      | Noticed Natasha
   883 | D:2      | Killed Natasha
   884 | D:2      | Reached XP level 4. HP: 24/24 MP: 4/12
   965 | D:2      | Reached skill level 5 in Spellcasting
   965 | D:2      | Noticed Natasha
   971 | D:2      | Slain by a gnoll

Illustrated notes

Levels and vault maps discovered:
D:1:      lemuel_arrival_broad_hall, layout_loops_ring
D:2:      layout_rooms, nrook_campfire, minmay_fractal_squares_gapless_5,
          uniq_natasha, uniq_terence, uniq_sigmund, uniq_robin

Skill      XL: |  1  2  3  4 |
---------------+-------------+-----
Spellcasting   | 4 5 |  5.2
Earth Magic    | 4 |  4.8
Dodging        | |  2.4
Stealth        | |  2.4
Transmutations | |  1.1

Action                   |  1- 3 |  4- 6 || total
-------------------------+-------+-------++-------
 Cast: Sandblast         |    36 |    13 ||    49
  Use: Potion            |       |     1 ||     1
Armor: Robe              |     1 |       ||     1
Dodge: Dodged            |    10 |     5 ||    15
